 Dungeon Crawl Stone Soup version 0.27-a0-1193-g8631133539 (webtiles) character file.

Game seed: 8353864377231677280

340 avis the Grave Robber (level 6, -14/49 HPs)
             Began as a Deep Dwarf Necromancer on May 26, 2021.
             Demolished by a shadow (32 damage)
             ... on level 5 of the Dungeon.
             The game lasted 00:32:29 (5970 turns).

avis the Grave Robber (Deep Dwarf Necromancer)      Turns: 5970, Time: 00:32:29

Health: -14/49     AC:  3    Str: 12    XL:     6   Next: 30%
Magic:  9/9        EV: 12    Int: 17    God:
Gold:   247        SH:  0    Dex: 13    Spells: 4/9 levels left

rFire    . . .     SeeInvis .   a - +0 quarterstaff
rCold    . . .     Faith    .   (shield currently unavailable)
rNeg     + . .     Spirit   .   i - +0 leather armour
rPois    .         Reflect  .   (no helmet)
rElec    .         Harm     .   (no cloak)
rCorr    .         Rampage  .   (no gloves)
Will     +....                  (no boots)
Stlth    ++........             (no amulet)
HPRegen  0.00/turn              f - ring of positive energy
MPRegen  0.11/turn              m - ring of willpower

@: no status effects
A: damage resistance, heal wounds, sense surroundings 1, no regeneration
a: Heal Wounds


You were on level 5 of the Dungeon.
You visited 1 branch of the dungeon, and saw 5 of its levels.

You collected 247 gold pieces.

Inventory:

Hand Weapons
 a - a +0 quarterstaff (weapon)
 b - a +0 hunting sling
 p - a +0 whip
 w - a +0 war axe
Missiles
 e - 140 stones
 g - 8 poisoned darts (quivered)
 q - 63 arrows
 s - 37 bolts
 C - 2 boomerangs
Armour
 h - a +0 ring mail
 i - a +0 leather armour (worn)
 j - a +0 robe
 o - a +0 chain mail
 B - a +0 scale mail
Magical Staves
 l - a staff of conjuration
Jewellery
 f - a ring of positive energy (left hand)
 m - a ring of willpower (right hand)
 t - a +6 ring of dexterity
Wands
 F - a wand of acid (4)
Scrolls
 d - 3 scrolls of immolation {unknown}
 n - a scroll of amnesia {unknown}
 r - a scroll of enchant weapon {unknown}
 y - a scroll of identify {unknown}
 z - a scroll of noise {unknown}
 A - a scroll of vulnerability {unknown}
 E - a scroll of fog {unknown}
Potions
 c - 3 potions of heal wounds {unknown}
 k - 2 potions of curing
 u - a potion of haste {unknown}
 v - a potion of lignification {unknown}
 x - a potion of attraction {unknown}
 D - a potion of ambrosia {unknown}


   Skills:
 + Level 3.8 Dodging
 + Level 4.4 Stealth
 - Level 2.0 Spellcasting
 * Level 6.4 Necromancy
 + Level 2.6 Evocations


You had 4 spell levels left.
You knew the following spells:

 Your Spells              Type           Power      Damage    Failure   Level
a - Pain                  Necr           92%        1d8       1%          1
c - Animate Skeleton      Necr           46%        N/A       1%          1
d - Vampiric Draining     Necr           11%        2d7       5%          3

Your spell library contained the following spells:

 Spells                   Type           Power      Damage    Failure   Level
 Animate Dead             Necr           11%        N/A       17%         4
 Agony                    Necr           23%        N/A       43%         5


Dungeon Overview and Level Annotations

Branches:
Dungeon (5/15)
 Temple: D:4-7

Altars:
Ashenzari

Shops:
D:2 !   D:4 (

Annotations:
D:3 2 transporters
D:4 glass case


Innate Abilities, Weirdness & Mutations

You are resistant to damage.
You can heal yourself by infusing magical energy.
You passively map a small area around you.
You do not regenerate.


Message History

Fire: 143 stones
Press: ? - help, Q - select action, (/) - cycle Shift-Dir - straight line, f - shadow
Aim: a shadow (56% to hit)
You shoot a stone. The stone barely misses the shadow.
Fire: 142 stones
Press: ? - help, Q - select action, (/) - cycle Shift-Dir - straight line, f/p - shadow
Aim: a shadow (ally target, 56% to hit)
You shoot a stone. The stone barely misses the shadow.
Fire: 141 stones
Press: ? - help, Q - select action, (/) - cycle Shift-Dir - straight line, f/p - shadow
Aim: a shadow (ally target, 56% to hit)
You shoot a stone. The stone barely misses the shadow.
The shadow slips into darkness.
The shadow flickers and vanishes!
Deactivating autopickup; reactivate with Ctrl-A.
Your iguana skeleton crumbles into dust!
a - a +0 quarterstaff (weapon)
You hit something but do no damage.
The shadow strikes at you from the darkness!
Reactivating autopickup.
You closely miss the shadow. The shadow hits you.
The shadow closely misses you.
You hit the shadow.
The shadow is lightly damaged.
The shadow slips into darkness.
The shadow flickers and vanishes!
Deactivating autopickup; reactivate with Ctrl-A.
You hit something but do no damage.
The shadow strikes at you from the darkness!
Reactivating autopickup.
You closely miss the shadow.
The shadow is lightly damaged.
The shadow barely misses you.
The shadow slips into darkness.
The shadow flickers and vanishes!
Deactivating autopickup; reactivate with Ctrl-A.
You hit something but do no damage.
The shadow strikes at you from the darkness!
Ouch! That really hurt!
You die...

....#
##..............
, P#..
#..............
,,, ..
*#..............
#..#............
, ,
#..###...........
, ...#*
##..........,, ,
* ...#*
#.......... ###.
#.......... # **
#..@....... *
#..{....... * * ,
*##.........
#...........
........)..... ,
, #.#............
, #.
#............ , ,
##...........
#........... ,


There were no monsters in sight!

Vanquished Creatures
  A centaur skeleton (D:4)
  An orc priest (D:4)
  2 iguanas
  Natasha (thrice) (D:4)
  5 adders
  A howler monkey skeleton (D:4)
  A worm (D:3)
  2 dart slugs
  7 orcs
  5 endoplasms
  5 giant cockroaches
  4 hobgoblins
  12 jackals
  8 kobolds
  2 quokkas
  4 ball pythons
  6 bats
  3 frilled lizards
  7 goblins
  6 rats
85 creatures vanquished.

Vanquished Creatures (collateral kills)
  A worm (D:2)
  A goblin (D:1)
2 creatures vanquished.

Vanquished Creatures (others)
  22 plants (D:4)
  4 withered plants (D:5)
26 creatures vanquished.

Grand Total: 113 creatures vanquished

Notes
Turn   | Place    | Note
-------+----------+-------------------------------------------
     0 | D:1      | avis the Deep Dwarf Necromancer began the quest for the
                  | Orb.
     0 | D:1      | Reached XP level 1. HP: 15/15 MP: 3/3
     2 | D:1      | Noticed a barachi
     2 | D:1      | Noticed a dwarf
     4 | D:1      | Noticed a troll
     4 | D:1      | Noticed a vine stalker
     6 | D:1      | Noticed a demonspawn
     6 | D:1      | Noticed a tengu
     8 | D:1      | Noticed a palentonga
     8 | D:1      | Noticed a spriggan
    10 | D:1      | Noticed a merfolk
    10 | D:1      | Noticed an ogre
    12 | D:1      | Noticed a gargoyle
    14 | D:1      | Noticed a centaur
    14 | D:1      | Noticed a vampire
    16 | D:1      | Noticed a minotaur
    16 | D:1      | Noticed a demigod
    18 | D:1      | Noticed a naga
    18 | D:1      | Noticed an elf
    20 | D:1      | Noticed a human
    22 | D:1      | Noticed a draconian
    22 | D:1      | Noticed a formicid
    24 | D:1      | Noticed a felid
    24 | D:1      | Noticed an octopode
    26 | D:1      | Noticed a ghoul
    96 | D:1      | Learned a level 1 spell: Animate Skeleton
   114 | D:1      | Found a faded altar of an unknown god.
   371 | D:1      | Reached XP level 2. HP: 20/22 MP: 1/4
   849 | D:2      | Found Ylat's Distillery.
  1385 | D:1      | Reached XP level 3. HP: 26/28 MP: 0/6
  1447 | D:1      | Learned a level 3 spell: Vampiric Draining
  1588 | D:2      | Reached skill level 5 in Necromancy
  1946 | D:2      | Found a broken altar of Ashenzari.
  2815 | D:3      | Found a transporter.
  2824 | D:3      | Found a transporter.
  3053 | D:3      | Reached XP level 4. HP: 36/36 MP: 4/7
  3490 | D:3      | Reached skill level 1 in Evocations
  4053 | D:4      | Reached XP level 5. HP: 42/42 MP: 8/8
  4274 | D:4      | Found Cellamej's Weapon Emporium.
  4667 | D:4      | Reached skill level 6 in Necromancy
  4871 | D:4      | Noticed Natasha
  4878 | D:4      | Killed Natasha
  5158 | D:4      | Noticed Natasha
  5173 | D:4      | Killed Natasha
  5174 | D:4      | Reached XP level 6. HP: 25/49 MP: 0/9
  5342 | D:4      | Noticed Natasha
  5348 | D:4      | Killed Natasha
  5421 | D:5      | Entered Level 5 of the Dungeon
  5956 | D:5      | Noticed a shadow
  5970 | D:5      | Demolished by a shadow

Illustrated notes

Levels and vault maps discovered:
D:1:      kb_arrival_jail, layout_basic, ebering_ecumenical_altar_rust
D:2:      layout_loops_ring, basic_altar, serial_shops, shop_statue
D:3:      gammafunk_steamed_eel, layout_basic, st_stairs_14, grunt_ministairs_6,
          grunt_decor_arrowhead, patterned_corridor
D:4:      layout_basic, serial_shops, shop, serial_bayou, serial_bayou_crossing,
          serial_bayou_pond_e, serial_bayou_lagoon_a, serial_bayou_pond_a,
          minmay_parallelograms, st_stairs_10, due_unseen_surprise, uniq_natasha
D:5:      layout_layer_cave, kiku_gazebo_garden_becter, st_stairs_5,
          mrwooster_statue_mirror

Skill      XL: |  1  2  3  4  5 |
---------------+----------------+-----
Spellcasting   | 2 |  2.0
Stealth        | 3 4 |  4.4
Necromancy     | 5 6 |  6.4
Dodging        | 3 |  3.8
Evocations     | 1 2 |  2.6

Action                   |  1- 3 |  4- 6 || total
-------------------------+-------+-------++-------
Melee: Unarmed           |     5 |       ||     5
       Quarterstaff      |       |    35 ||    35
 Fire: Hunting sling     |     7 |    64 ||    71
Throw: Dart              |    15 |       ||    15
 Cast: Pain              |    82 |    33 ||   115
       Animate Skeleton  |    13 |    14 ||    27
       Vampiric Draining |     3 |    17 ||    20
Armor: Leather armour    |    13 |     8 ||    21
Dodge: Dodged            |    31 |    42 ||    73

Table legend: (Time is in decaauts)
 A = Elapsed time spent in this place.
 B = Non-inter-level travel time spent in this place.
 C = Inter-level travel time spent in this place.
 D = Time resting spent in this place.
 E = Time spent auto-exploring this place.
 F = Levels seen in this place.
 G = Mean time per level.
                   A        B        C        D        E       F      G
               +--------+--------+--------+--------+--------+-----+--------+
         Total |   6030 |   5489 |    541 |   1760 |   2528 |   5 | 1206.0 |
       Dungeon |   6030 |   5489 |    541 |   1760 |   2528 |   5 | 1206.0 |
               +--------+--------+--------+--------+--------+-----+--------+

Top non-repeatable levels by time:
     D:4: 1743 daAuts
     D:3: 1645 daAuts
     D:1: 1411 daAuts
     D:2: 948 daAuts
     D:5: 283 daAuts
